 Dungeon Crawl Stone Soup version 0.28-a0-8-g6e044cf (webtiles) character file.

Game seed: 7345523570428218408

17 MrTaco21 the Skirmisher (level 2, -1/25 HPs)
             Began as a Demonspawn Fighter on July 24, 2021.
             Succumbed to an adder's poison
             ... on level 2 of the Dungeon.
             The game lasted 00:02:01 (1194 turns).

MrTaco21 the Skirmisher (Demonspawn Fighter)        Turns: 1194, Time: 00:02:02

Health: -1/25      AC:  6    Str: 16    XL:     2   Next: 44%
Magic:  2/2        EV:  8    Int:  9    God:
Gold:   63         SH:  8    Dex: 12    Spells: 1/1 levels left

rFire   . . .      SeeInvis .   a - +0 flail
rCold   . . .      Faith    .   c - +0 kite shield
rNeg    . . .      Spirit   .   b - +0 scale mail
rPois   .          Reflect  .   (no helmet)
rElec   .          Harm     .   (no cloak)
rCorr   .          Rampage  .   (no gloves)
Will    .....                   (no boots)
Stlth   ..........              (no amulet)
HPRegen 0.08/turn               (no ring)
MPRegen 0.08/turn               (no ring)

@: lethally poisoned (-1 -> -6)
A: repulsion field 1
a: no special abilities


You were on level 2 of the Dungeon.
You visited 1 branch of the dungeon, and saw 2 of its levels.

You collected 63 gold pieces.

Inventory:

Hand Weapons
 a - a +0 flail (weapon)
Missiles
 h - 10 poisoned darts (quivered)
Armour
 b - a +0 scale mail (worn)
 c - a +0 kite shield (worn)
Scrolls
 e - a scroll of teleportation {unknown}
 f - a scroll of enchant weapon {unknown}
Potions
 d - a potion of might
 g - 2 potions of heal wounds {unknown}


   Skills:
 + Level 3.9 Fighting
 - Level 1.7 Maces & Flails
 - Level 2.6 Armour
 - Level 2.6 Shields


You had one spell level left.
You didn't know any spells.
Your spell library was empty.

Dungeon Overview and Level Annotations

Branches:
Dungeon (2/15)

Altars:

Shops:
D:1 (


Innate Abilities, Weirdness & Mutations

You are surrounded by a mild repulsion field. (EV +2)


Message History

The frilled lizard barely misses you.
You hit the frilled lizard.
You kill the frilled lizard!
No target in view!
No target in view!
No target in view!
No target in view!
No target in view!
No target in view!
No target in view!
No target in view!
No target in view!
Found 10 poisoned darts and 2 sapphire potions.
An adder comes into view.
The adder moves out of view.
g - 2 sapphire potions The adder hisses angrily.
You see here 10 poisoned darts.
h - 10 poisoned darts The adder bites you.
Your shield prevents you from hitting the adder.
You block the adder's attack. The adder closely misses you.
You closely miss the adder. The adder bites you but does no damage.
The adder completely misses you.
You barely miss the adder. The adder bites you but does no damage.
The adder bites you.
You closely miss the adder.
The adder bites you but does no damage. x2
You hit the adder but do no damage. The adder bites you.
You are poisoned.
The adder poisons you! You block the adder's attack.
You hit the adder.
You feel sick. The adder bites you.
* * * LOW HITPOINT WARNING * * *
You are more poisoned.
The adder poisons you! The adder barely misses you.
* * * LOW HITPOINT WARNING * * *
You feel sick. The adder bites you but does no damage.
* * * LOW HITPOINT WARNING * * *
You feel sick.
* * * LOW HITPOINT WARNING * * *
You feel sick.
You feel sick. The adder bites you.
* * * LOW HITPOINT WARNING * * *
You are more poisoned.
The adder poisons you!
* * * LOW HITPOINT WARNING * * *
You feel sick.
* * * LOW HITPOINT WARNING * * *
You feel sick.
Unknown command.
You die...

#.#.. #.#.##### . #.#.#..<#
.. #.#.#.###.#.. #
###+######.#.#........
.#.###........#.#..........
..............+....(.......
..............#.#..........
#......S.@...#########
#.........#### ###.......#
#.......# #.......#
###.##### #.. ##.# .#


You could see an adder.

Vanquished Creatures
  3 ball pythons (D:1)
  An endoplasm (D:1)
  A giant cockroach (D:1)
  3 goblins (D:1)
  2 hobgoblins (D:1)
  2 kobolds (D:1)
  3 frilled lizards
15 creatures vanquished.

Notes
Turn   | Place    | Note
-------+----------+-------------------------------------------
     0 | D:1      | MrTaco21 the Demonspawn Fighter began the quest for the
                  | Orb.
     0 | D:1      | Reached XP level 1. HP: 18/18 MP: 1/1
    66 | D:1      | Found Kyojaa's Antique Weapon Shoppe.
   614 | D:1      | Gained mutation: You are surrounded by a mild repulsion
                  | field. (EV +2) [demonic ancestry]
   614 | D:1      | Reached XP level 2. HP: 24/24 MP: 2/2
  1193 | D:2      | HP: 1/25 [poisoned by an adder]
  1194 | D:2      | Succumbed to an adder's poison

Illustrated notes

Levels and vault maps discovered:
D:1:      minmay_arrival_checkered_box, layout_basic, serial_shops, shop
D:2:      minmay_chambers_of_twos, layout_basic, st_stairs_6, minmay_misc_feat_x

Action                   || total
-------------------------++-------
Melee: Flail             ||    56
Armor: Scale mail        ||    32
Dodge: Dodged            ||    13
Block: Kite shield       ||    26

Table legend: (Time is in decaauts)
 A = Elapsed time spent in this place.
 B = Non-inter-level travel time spent in this place.
 C = Inter-level travel time spent in this place.
 D = Time resting spent in this place.
 E = Time spent auto-exploring this place.
 F = Levels seen in this place.
 G = Mean time per level.
                   A        B        C        D        E       F      G
               +--------+--------+--------+--------+--------+-----+--------+
         Total |   1227 |   1204 |     23 |    224 |    790 |   2 |  613.5 |
       Dungeon |   1227 |   1204 |     23 |    224 |    790 |   2 |  613.5 |
               +--------+--------+--------+--------+--------+-----+--------+

Top non-repeatable levels by time:
     D:1: 962 daAuts
     D:2: 264 daAuts
